Cogmind - Beta 15 @@@ ROGUE MODE // 2025.07.26 @ 23:52:58 Player: bugsniper Result: Destroyed by 3V-NCD(R) with Subdweller Laser Performance ------------- Evolutions (0) 0 Regions Visited (2) 400 Robots Destroyed (31) 155 Value Destroyed (632) 632 Prototype IDs (3) 60 Alien Tech Used (0) 0 Bonus (0) 0 TOTAL SCORE: 1247 Bonus ------- None Cogmind --------- Core Integrity 0/250 Matter 228/300 Energy 246/250 System Corruption 0% Temperature Cool (8) Movement Walking (260) Ox2 Location -10/Subcaves Parts ------- > --- POWER (1) -------- Ion Engine > --- PROPULSION (2) --- Aluminum Leg Aluminum Leg > --- UTILITY (2) ------ High-capacity Storage Unit Medium Armor Plating > --- WEAPON (2) ------- Particle Gun Particle Gun > --- INVENTORY (20) --- Light Ion Engine Light Nuclear Core Light Treads Light Treads Aluminum Leg Aluminum Leg Aluminum Leg Aluminum Leg Aluminum Leg Aluminum Leg Signal Interpreter Medium Armor Plating Medium Armor Plating Medium Laser Particle Gun Particle Gun Light Cannon Mining Claw Peak State ------------ > --- POWER ------------ Ion Engine > --- PROPULSION ------- Aluminum Leg Aluminum Leg > --- UTILITY ---------- High-capacity Storage Unit Medium Armor Plating > --- WEAPON ----------- Particle Gun Particle Gun > --- INVENTORY -------- Light Ion Engine Light Nuclear Core Light Treads Light Treads Aluminum Leg Aluminum Leg Aluminum Leg Aluminum Leg Aluminum Leg Aluminum Leg Signal Interpreter Medium Armor Plating Medium Armor Plating Medium Laser Particle Gun Particle Gun Light Cannon Mining Claw [Rating: 12] Favorites ----------- Power Ion Engine Engine Ion Engine Propulsion Aluminum Leg Leg Aluminum Leg Utility Heat Sink Device Heat Sink Storage High-capacity Storage Unit Processor Targeting Computer Protection Medium Armor Plating Weapon Medium Laser Energy Gun Medium Laser Ballistic Gun Light Assault Rifle Launcher Grenade Launcher Slashing Weapon Mining Claw Build | -11 -10 -10 ------- Run | Yrd Mat Sub Slots Evolved . | . . . Power . | . . . Propulsion . | . . . Utility . | . . . Weapon . | . . . Parts Attached 26 | . 23 3 Power 5 | . 5 . Engine 5 | . 5 . Core . | . . . Reactor . | . . . Propulsion 8 | . 8 . Treads . | . . . Leg 8 | . 8 . Wheel . | . . . Hover . | . . . Flight . | . . . Utility 5 | . 4 1 Device 1 | . 1 . Storage 2 | . 2 . Processor 1 | . 1 . Hackware . | . . . Protection 1 | . . 1 Artifact . | . . . Weapon 8 | . 6 2 Energy Gun 5 | . 4 1 Energy Cannon . | . . . Ballistic Gun 1 | . 1 . Ballistic Cannon . | . . . Launcher 1 | . . 1 Special Weapon . | . . . Impact Weapon . | . . . Slashing Weapon 1 | . 1 . Piercing Weapon . | . . . Special Melee Weapon . | . . . Unidentified Prototypes . | . . . Parts Lost 4 | . 3 1 Power 1 | . 1 . Propulsion . | . . . Utility . | . . . Weapon 3 | . 2 1 Highest Loss Streak 2 | . 2 1 To Critical Strikes . | . . . Average Backups 17 | . 17 20 Power 2 | . 2 2 Propulsion 8 | . 8 8 Utility 1 | . 1 4 Weapon 4 | . 4 6 Tool/Special . | . . . Unused Backups 26 | . 12 14 Power 2 | . . 2 Propulsion 12 | . 6 6 Utility 4 | . 1 3 Weapon 8 | . 5 3 Tool/Special . | . . . Average Slot Usage (%) 99 | . 99 100 Engine 13 | . 13 14 Leg 28 | . 28 28 Device 12 | . 11 13 Storage 14 | . 14 14 Processor 1 | . 1 . Energy Gun 26 | . 26 23 Ballistic Gun 1 | . 1 . Peak Build Rating 12 | . 10 12 Average Rating 8 | . 8 10 On Entrance 7 | 6 6 10 Naked Turns . | . . . Heaviest Build 58 | 13 51 58 Greatest Support 20 | 20 20 20 Greatest Overweight (x) 2 | . 2 2 Average Overweight (x) 1 | . 1 2 Largest Inventory Capacity 20 | . 20 20 Average Capacity 18 | . 18 20 Most Carried 20 | . 20 20 Average Carried 17 | . 17 19 Final Capacity 20 | 8 20 20 Final Carried 20 | 6 20 18 Class Distribution -------------------- 97% | Mutant Dominant Class ---------------- Mutant | -10/Materials Mutant | -10/Subcaves Resources | -11 -10 -10 ----------- Run | Yrd Mat Sub Matter Collected 492 | 200 289 3 Remotely . | . . . Salvage Created 1425 | . 1422 3 Parts 60 | . 59 1 Haulers Intercepted 2 | . 2 . Recyclers Shooed 8 | . 8 . Parts Field Recycled . | . . . Retrieved Matter . | . . . Parts Self-Destructed 7 | . . 7 Prevented . | . . . Kills | -11 -10 -10 ------- Run | Yrd Mat Sub Combat Hostiles Destroyed 17 | . 16 1 Guns 16 | . 16 . AOE 1 | . . 1 Classes Destroyed 7 | . 6 1 Worker 3 | . 3 . Hauler 2 | . 2 . Recycler 8 | . 8 . Watcher 1 | . 1 . Swarmer 3 | . 3 . Grunt 13 | . 13 . Subdweller 1 | . . 1 Best Kill Streak 6 | . 6 1 Combat Bots Only 3 | . 3 1 Max Kills in Single Turn 1 | . 1 1 Gunslinging . | . . . Exploded 1 | . . 1 Melee . | . . . Uniques/NPCs Destroyed . | . . . Combat | -11 -10 -10 -------- Run | Yrd Mat Sub Hostile Shots Fired 84 | . 73 11 Missed 14 | . 11 3 Hits 70 | . 62 8 Projectile 70 | . 62 8 Damage Taken 979 | . 742 237 Core 251 | . 186 65 Absorbed by Shields . | . . . Core Remaining (%) 100 | 100 . . Volleys Fired 97 | . 92 5 Largest 2 | . 2 2 Hottest 115 | . 115 95 Shots Fired 193 | . 184 9 Gun 188 | . 184 4 Cannon . | . . . Launcher 5 | . . 5 Special . | . . . Kinetic 44 | . 44 . Thermal 124 | . 120 4 Explosive 5 | . . 5 Electromagnetic 20 | . 20 . Robot Hit Streak 13 | . 13 6 Robot Miss Streak 3 | . 3 1 Penetration Max . | . . . Secondary Targets 3 | . 3 . Max Gunslinging Chain 1 | . 1 . Shots Hit Robots 144 | . 138 6 Core Hits 62 | . 61 1 Critical Kills . | . . . Critical Parts Destroyed . | . . . Critical Strikes 9 | . 9 . Burn 9 | . 9 . Melee Attacks 1 | . 1 . Impact . | . . . Slashing 1 | . 1 . Piercing . | . . . Sneak Attacks . | . . . Combat Hostiles . | . . . Follow-up Attacks . | . . . Damage Inflicted 1842 | . 1622 220 Guns 1671 | . 1619 52 Cannons . | . . . Explosions 168 | . . 168 Melee . | . . . Ramming 3 | . 3 . Kinetic 263 | . 263 . Thermal 1216 | . 1164 52 Explosive 168 | . . 168 Electromagnetic 192 | . 192 . Impact . | . . . Slashing . | . . . Piercing . | . . . Highest Corruption . | . . . Average Corruption . | . . . Corruption Purged . | . . . Corruption Blocked . | . . . Overload Shots . | . . . Overflow Damage . | . . . Projectiles . | . . . Explosions . | . . . Melee . | . . . Knockbacks . | . . . Impact . | . . . Kinetic . | . . . Secondary . | . . . Self-Inflicted Damage 63 | . . 63 Shots 4 | . . 4 Rammed . | . . . Targets Rammed 1 | . 1 . Kicked 1 | . 1 . Crushed . | . . . Highest Temperature 239 | . 239 . Average Temperature 55 | . 55 . Received Heat Transfer 420 | . 384 36 Siege Activations . | . . . Martial Activations . | . . . Shielding Activations . | . . . Robots Disrupted . | . . . Combat Hostiles . | . . . Robots Corrupted . | . . . Combat Hostiles . | . . . Parts Fried 1 | . 1 . Impact Corruptions . | . . . Robots Melted . | . . . Combat Hostiles . | . . . Parts Melted 10 | . 10 . Heat Transferred 4144 | . 4033 111 Parts Sabotaged . | . . . Parts Stolen . | . . . Parts Stripped . | . . . Power Chain Reactions . | . . . Alert | -11 -10 -10 ------- Run | Yrd Mat Sub Maximum Alert Level . | . . . Low Security (%) 100 | . 100 . Level 1 . | . . . Level 2 . | . . . Level 3 . | . . . Level 4 . | . . . Level 5 . | . . . High Security . | . . . Max Security . | . . . Peak Influence 147 | . 147 . Initial . | . . . Average 38 | . 38 . Influence Increases 551 | . 551 . Destroy 0b10 Robot/C 320 | . 320 . Destroy 0b10 Robot/NC 70 | . 70 . Destroy Leader 76 | . 76 . Successful Hack 25 | . 25 . Disable Machine 15 | . 15 . Lose Combat Pursuer 45 | . 45 . Influence Decreases 551 | . 535 16 Entered New Map 8 | . . 8 Time Decay 513 | . 505 8 Lost Part 30 | . 30 . Squads Dispatched 3 | . 3 . Investigation 3 | . 3 . Extermination . | . . . Reinforcement . | . . . Assault . | . . . Garrison . | . . . Intercept . | . . . Searches Triggered . | . . . Construction Impeded . | . . . Haulers Reinforced . | . . . Active Scanning Responses . | . . . Cargo Convoy Interrupts . | . . . Stealth | -11 -10 -10 --------- Run | Yrd Mat Sub Distress Signals 3 | . 3 . Communications Jammed . | . . . Distress Signals . | . . . Times Spotted 39 | . 36 3 Peak Tracking Total 4 | . 4 2 Tactical Retreats 2 | . 2 . Traps | -11 -10 -10 ------- Run | Yrd Mat Sub Traps Triggered 2 | . 2 . Indirectly . | . . . Trap Hack Attempts . | . . . Triggered . | . . . Disarmed . | . . . Reprogrammed . | . . . Reused . | . . . Traps Extracted . | . . . Installed . | . . . Triggered . | . . . Machines | -11 -10 -10 ---------- Run | Yrd Mat Sub Machines Disabled 1 | . 1 . Max in Single Turn 1 | . 1 . Machines Repaired . | . . . Machines Dismantled . | . . . Machines Sabotaged . | . . . Overloaded Fab Kills . | . . . Hacking | -11 -10 -10 --------- Run | Yrd Mat Sub Machines Accessed 8 | . 8 . Terminals 8 | . 8 . Fabricators . | . . . Repair Stations . | . . . Recycling Units . | . . . Scanalyzers . | . . . Garrison Access . | . . . Total Hacks 22 | . 22 . Successful 11 | . 11 . Failed 11 | . 11 . Catastrophic 1 | . 1 . Database Lockouts . | . . . Manual 2 | . 2 . Terminals 22 | . 22 . Fabricators . | . . . Repair Stations . | . . . Recycling Units . | . . . Scanalyzers . | . . . Garrison Access . | . . . Terminal Hacks 9 | . 9 . Robot Analysis 2 | . 2 . Prototype ID Bank 2 | . 2 . Level Access Points 1 | . 1 . Emergency Access Points 1 | . 1 . Locate Traps 1 | . 1 . Reinforcement Status 1 | . 1 . Registered Components 1 | . 1 . Fabricator Hacks . | . . . Repair Station Hacks . | . . . Recycling Unit Hacks . | . . . Scanalyzer . | . . . Garrison Access Hacks . | . . . Unauthorized Hacks 2 | . 2 . Terminals 2 | . 2 . Botnet 2 | . 2 . Fabricators . | . . . Repair Stations . | . . . Recycling Units . | . . . Scanalyzers . | . . . Garrison Access . | . . . Data Cores Recovered . | . . . Used . | . . . Hacking Detections 5 | . 5 . Full Trace Events 2 | . 2 . Feedback Events . | . . . Feedback Blocked . | . . . Robot Schematics Acquired . | . . . Robots Built . | . . . Authchips . | . . . Time . | . . . Total Robot Build Rating . | . . . Part Schematics Acquired . | . . . Parts Built . | . . . Authchips . | . . . Time . | . . . Total Part Build Rating . | . . . Parts Repaired . | . . . Time . | . . . Parts Recycled . | . . . Recycled Matter . | . . . Retrieved Matter . | . . . Retrieved Components . | . . . Parts Scanalyzed . | . . . Part Schematics Acquired . | . . . Parts Damaged . | . . . Bothacking | -11 -10 -10 ------------ Run | Yrd Mat Sub Used RIF Installer . | . . . Robots Hacked . | . . . Non-combat . | . . . Combat . | . . . Robot Hacks Applied . | . . . Relay Couplers Released . | . . . Fabnet Peak Effective % . | . . . Robots Rewired . | . . . Allies Hacked . | . . . Hacks Repelled . | . . . Allies | -11 -10 -10 -------- Run | Yrd Mat Sub Total Allies . | . . . Largest Group . | . . . Highest-Rated Group . | . . . Highest-Rated Ally . | . . . Total Orders . | . . . Ally Attacks . | . . . Total Damage . | . . . Kills . | . . . Allies Corrupted . | . . . Allies Melted . | . . . Intel | -11 -10 -10 ------- Run | Yrd Mat Sub Active Infowar (turns) . | . . . Robot Analysis Total 2 | . 2 . Derelict Logs Recovered . | . . . Drone Launches . | . . . Drone Recoveries . | . . . Exploration | -11 -10 -10 ------------- Run | Yrd Mat Sub Turns Passed 3253 | . 2970 283 Spaces Moved 1200 | 1 1097 102 Core . | . . . Treads . | . . . Legs 1200 | 1 1097 102 Wheels . | . . . Hover . | . . . Flight . | . . . Fastest Speed 120 | 120 120 260 Average Speed 236 | 120 234 260 Slowest Speed 260 | 120 260 260 Overloaded Moves . | . . . Propulsion Burnouts . | . . . Robots Hopped . | . . . Potential Cave-ins . | . . . Cave-ins Triggered . | . . . Exploration Rate (%) 37 | 2 99 11 Regions Visited 2 Branch Regions 1 Pre-discovered Areas . | . . . Known Exits Taken . | . . . Unknown Exits Taken 2 | 1 1 . Scrap Searched . | . . . Spaces Dug 6 | . . 6 Terrain Destroyed 21 | . . 21 Melee . | . . . Projectile . | . . . AOE 21 | . . 21 Terrain Rammed . | . . . Walls Destroyed . | . . . Machines Disabled . | . . . Actions | -11 -10 -10 --------- Run | Yrd Mat Sub Total 1444 | . 1331 113 Wait 66 | . 64 2 Move 1198 | . 1096 102 Hop . | . . . Pick Up 26 | . 26 . Fast Attach 5 | . 5 . Attach 5 | . 3 2 Detach . | . . . Swap 18 | . 17 1 Drop 27 | . 26 1 Fire 97 | . 92 5 Melee 1 | . 1 . Ram . | . . . Kick 1 | . 1 . Crush . | . . . Escape Stasis . | . . . Rewire . | . . . Trap . | . . . Miscellaneous . | . . . Route ------- -11/Scrapyard -10/Materials (discovered 6 exits: *Mat x3 / [*Min x2] / [*Sub]) -10/Subcaves History --------- Turn | Location | Event 1 | -11/Scrapyard | Discovered new exit (range 0) 1 | -11/Scrapyard | Entered Materials 254 | -10/Materials | Discovered new exit (range 9) 301 | -10/Materials | Build established: Mutant 601 | -10/Materials | Derelicts attacked the area 774 | -10/Materials | Discovered new exit (range 9) 1532 | -10/Materials | Discovered new exit (range 13) 1790 | -10/Materials | Core integrity fell below 50% 2166 | -10/Materials | Discovered new exit (range 15) 2625 | -10/Materials | Discovered new exit (range 5) 2672 | -10/Materials | Identified exit to Materials 2937 | -10/Materials | Discovered new exit (range 11) 2971 | -10/Materials | Entered Subcaves 3145 | -10/Subcaves | Core integrity fell below 20% 3254 | -10/Subcaves | Destroyed by 3V-NCD(R) with Subdweller Laser Last Messages --------------- Found 3 level access points to Materials: (18,6) (63,19) (67,67) Map updated. >>Enumerate(Reinforcements) Retrieving latest reported positions... No active reinforcement squads found. 02937_ EXIT=FOUND LOCATION=UNKNOWN AMBIENT_HEAT=-10 GOAL=ESCAPE 03164_ The unstable cave ceiling collapses. 03165_ Destroyed Sub. Monowheel. 03171_ 66-S7N(R) destroyed. 03179_ The unstable cave ceiling collapses. 03179_ Disposable Heat Sink crushed. 03179_ Acquired 3 matter. 03244_ Grenade Launcher destroyed. 03246_ Dropped Heat Sink. Map ----- +----------------------------------------------------+ | ?????????????????????????????????????????????????? | | ????????????????????????????????????? ???????????? | | ????????????????????????????????????? ???????????? | | ????????????????????????????????????? ???????????? | | ????????????????????????????????????# ???????????? | | ????????????????????????????????????# ???????????? | | ????????????????????????????????????# ???##??????? | | ???????????????????????????????????## ###"#??????? | | ???????????????????????????????????" " #??????? | | ???????????????????????????????????? " #??????? | | ???????????????????????????????????? " "#??????? | | ????????????????????????????????????# #??????? | | ????????????????????????????????????# ???????? | | ??????????????????????????????????### ##??????? | | ??????????????????????????????????# #??????? | | ????????????????????????????????### #???##?? | | ?????????????????????######?????## # #??? ##? | | ????????????????????## ##???## & #### "## | | ????????????????????# #???# & # ## | | ????????????????????# ##??# # # " " | | ?????????????????????# ##?## # | | ?????????????????????# ### ## | | ????????????????????## # | | ???????????????????## ## ## ## | | ?????????? ???????# ## ##### ### | | ?????????? ???# @ ### ### #?# | | ???????? # ### ### ### | | ????????# #?### ## | | ??????????# !#???### #### | | ??????????# # #????## #??# | | ????????? #### #????# #??## | | ????????? ??? #??# # #??# | | ?????????? ???# # ##??# # #??## | | ??????????? ?????#RR##### ???# ##### #???## | | ????????????????# ????? ##??## ???## #????? | | ????????????????## "????? #????# ##???#####????? | | ????????????????? ?????? ?# ## ###?????????? | | ???????????????? ??????? ?# ##???????? | | ??????????????? ""??????? ???# ###??#### | | ??????????????" ????????? ???#### #### # | | ?????????????????????????? ??????## | | ?????????????????????????? ????????# # ## ### | | ??????????????????????????" ??????????#########?? | | ?????????????????????????????????????????????????? | | ?????????????????????????????????????????????????? | | ?????????????????????????????????????????????????? | | ?????????????????????????????????????????????????? | | ?????????????????????????????????????????????????? | | ?????????????????????????????????????????????????? | | ?????????????????????????????????????????????????? | +----------------------------------------------------+ Best States ------------- Heat Dissipation 35 Energy Generation 10 Energy Capacity 250 Matter Stores 300 Matter Capacity 300 Sight Range 16 Terrain Scan Density 10 Armor Coverage 225 Evasion (%) 55 Targeting Accuracy 5 Item Schematics ----------------- None Robot Schematics ------------------ None Fabricated ------------ Nothing Repaired ---------- Nothing Alien Tech Used ----------------- None Achievements -------------- None Challenges ------------ None Game ------ Seed ConceptGravmagSword Manual? 0 Play Time 00:15:15 Cumulative 414.0 hours Start 2025.07.26 @ 23:38:51 End 2025.07.26 @ 23:52:58 Sessions 1 Manual Loads 0 Difficulty Rogue Special Mode None Game No. 226 Rogue 226 Adventurer 0 Explorer 0 Win Type - Total 11 Types 10/0/1/0/0/0/0/0/0/0 Lore% 43 Gallery% 63 Achievement% 52 Wizard Run 0 Options --------- Layout 1 ASCII 0 Keyboard 0 Movement Numpad Keybinds 0 Fullscreen 1 Font 24/Smallcaps Map View 50x35 Zoom Use 0% Tactical HUD 1 Map Filters NONE Filters NONE Steam 1 RUN: c9e1637c-e912-472e-b3ad-af84fe757128